 Dungeon Crawl Stone Soup version 0.30.1-11-g7821555f0a (webtiles) character file.

Game seed: 2278435252453855970

106 Ankhtithe the Conjurer (level 4, 0/33 HPs)
             Began as a Demigod Conjurer on Nov 4, 2023.
             Killed by nerve-wracking pain
             ... invoked by Grinder
              (10 damage)
             ... on level 3 of the Dungeon on Nov 5, 2023.
             The game lasted 00:11:16 (2294 turns).

Ankhtithe the Conjurer (Demigod Conjurer)           Turns: 2294, Time: 00:11:16

Health: 0/33       AC:  3    Str:  8    XL:     4   Next: 30%
Magic:  1/10       EV: 12    Int: 24    God:
Gold:   101        SH:  0    Dex: 12    Spells: 2/8 levels left

rFire   . . .        l - +0 short sword (holy)
rCold   . . .        (no shield)
rNeg    . . .        a - +0 robe
rPois   .            (no helmet)
rElec   .            (no cloak)
rCorr   .            (no gloves)
SInv    .            c - +0 pair of boots
Will    .....        (no amulet)
Stlth   ++           (no ring)
HPRegen 0.25/turn    (no ring)
MPRegen 0.12/turn

%: no passive effects
@: no status effects
A: high MP 1, forlorn, divine attributes
a: no special abilities


You were on level 3 of the Dungeon.
You visited 1 branch of the dungeon, and saw 3 of its levels.

You collected 101 gold pieces.

Inventory:

Hand Weapons
 f - a +0 dagger
 l - a +0 short sword of holy wrath (weapon)
Missiles
 j - 10 poisoned darts
Armour
 a - a +0 robe (worn)
 c - a +0 pair of boots (worn)
Magical Staves
 g - a staff of earth
Jewellery
 i - a +6 ring of dexterity
Scrolls
 n - a scroll of teleportation
Potions
 d - a potion of heal wounds {unknown}
 h - a potion of attraction
 k - a potion of degeneration {unknown}
 m - 2 potions of resistance
 o - a potion of might {unknown}


   Skills:
 - Level 2.0 Dodging
 - Level 2.0 Stealth
 + Level 2.6 Spellcasting
 * Level 4.8 Conjurations


You had 2 spell levels left.
You knew the following spells:

 Your Spells              Type           Power      Damage    Failure   Level
a - Magic Dart            Conj           100%       1d8       1%          1
c - Mephitic Cloud        Conj/Pois/Air  10%        N/A       17%         3
s - Searing Ray           Conj           52%        2d6       2%          2

Your spell library contained the following spells:

 Spells                   Type           Power      Damage    Failure   Level
 Summon Small Mammal      Summ           12%        N/A       12%         1
 Poisonous Vapours        Pois/Air       6%         N/A       17%         2
 Sublimation of Blood     Necr           3%         N/A       17%         2
 Dazzling Flash           Conj/Hex       28%        N/A       12%         3
 Call Canine Familiar     Summ           3%         N/A       34%         3
 Summon Guardian Golem    Hex/Summ       3%         N/A       34%         3
 Fulminant Prism          Conj/Hex       7%         3d6       38%         4
 Iskenderun's Mystic Bla  Conj/Tloc      14%        2d5       38%         4
 Petrify                  Tmut/Erth      3%         N/A       75%         4
 Irradiate                Conj/Tmut      7%         3d14      75%         5
 Freezing Cloud           Conj/Ice/Air   5%         6-21      85%         5


Dungeon Overview and Level Annotations

Branches:
Dungeon (3/15)

Annotations:
D:3 Grinder


Innate Abilities, Weirdness & Mutations

You have an increased reservoir of magic. (+10% MP)
You shall have no god before yourself.
Your divine heritage dramatically boosts your attributes as you level up.


Message History

Grinder blinks!
Unknown command.
Casting: Searing Ray (safe; 2% risk of failure)
Confirm with . or Enter, or press ? or * to list all spells.
Restarting spell: Searing Ray (safe; 2% risk of failure)
Press: ? - help, Shift-Dir - straight line, f - Ijyb
Aim: Ijyb, wielding a +0 club and wearing a +0 chain mail (severely wounded, 79% to hit)
The searing ray hits Ijyb.
Ijyb is severely wounded. (Press . to maintain the ray.) Ijyb grins evilly.
Casting: Searing Ray (safe; 2% risk of failure)
Confirm with . or Enter, or press ? or * to list all spells.
Restarting spell: Searing Ray (safe; 2% risk of failure)
Press: ? - help, Shift-Dir - straight line, f/p - Ijyb
Aim: Ijyb, wielding a +0 club and wearing a +0 chain mail (severely wounded, 79% to hit)
The searing ray hits Ijyb.
Ijyb is almost dead. (Press . to maintain the ray.) Ijyb misses you.
Okay, then.
You aren't carrying any items that you can evoke.
You hit Ijyb but do no damage.
Ijyb is almost dead.
Ijyb closely misses you. Ijyb attacks as you move away! Ijyb barely misses you.
You barely miss Ijyb.
Ijyb is almost dead.
Ijyb barely misses you.
Casting: Searing Ray (safe; 2% risk of failure)
Confirm with . or Enter, or press ? or * to list all spells.
Aiming: Searing Ray (safe; 2% risk of failure)
Press: ? - help, Shift-Dir - straight line, f/p - Ijyb
Aim: Ijyb, wielding a +0 club and wearing a +0 chain mail (almost dead, 79% to hit)
The searing ray hits Ijyb.
You kill Ijyb! (Press . to maintain the ray.) Grinder gestures at you.
Pain shoots through your body!
You die...

#.........##.#.#
#.........##.#.#
...............#
.#........##5..#
......).#.##...#
.##............#
###.###.#.###).##
###.###.#.# #...######.#
..........# #...@.......
#####..>........#######.
#...###.....#
#...........#
#..####.....# #.$
#.....# #.. #.....#
#.....


You could see Grinder.

Vanquished Creatures
  Ijyb (D:3)
  2 adders (D:2)
  A gnoll (D:1)
  A worm (D:2)
  2 ball pythons
  4 endoplasms
  A giant cockroach (D:1)
  2 goblins
  10 hobgoblins
  4 jackals (D:2)
  6 kobolds
  A quokka (D:3)
  6 bats
  4 frilled lizards
  4 rats
49 creatures vanquished.

Notes
Turn   | Place    | Note
-------+----------+-------------------------------------------
     0 | D:1      | Ankhtithe the Demigod Conjurer began the quest for the Orb.
     0 | D:1      | Reached XP level 1. HP: 14/14 MP: 5/5
   425 | D:1      | Reached XP level 2. HP: 20/20 MP: 4/7
   589 | D:1      | Reached skill level 4 in Conjurations
  1243 | D:2      | Reached XP level 3. HP: 26/26 MP: 5/8
  1634 | D:2      | Learned a level 2 spell: Searing Ray
  1638 | D:2      | Learned a level 3 spell: Mephitic Cloud
  2042 | D:2      | Noticed a Brimstone Fiend
  2264 | D:3      | Noticed Grinder
  2270 | D:3      | Reached XP level 4. HP: 33/33 MP: 7/10
  2271 | D:3      | Noticed Ijyb
  2276 | D:3      | Paralysed by Grinder for 5 turns
  2292 | D:3      | Killed Ijyb
  2294 | D:3      | Killed from afar by Grinder

Illustrated notes

Levels and vault maps discovered:
D:1:      tarquinn_simple_flora_water_e, layout_loops_ring,
          supply_closet_lemuel, nicolae_grassy_gnolls
D:2:      layout_rooms, dreamdust_ecumenical_altar_sealed_demon
D:3:      layout_loops_ring, tgw_fedhas, uniq_robin, uniq_grinder, uniq_ijyb

Skill      XL: |  1  2 |
---------------+-------+-----
Stealth        | 2 |  2.0
Dodging        | 2 |  2.0
Spellcasting   | 2 |  2.6
Conjurations   | 4 |  4.8

Action                     |  1- 3 |  4- 6 || total
---------------------------+-------+-------++-------
  Melee: Unarmed           |     1 |       ||     1
         Dagger            |    10 |       ||    10
         Short sword       |    15 |     2 ||    17
   Cast: Magic Dart        |    92 |       ||    92
         Searing Ray       |     1 |     9 ||    10
    Use: Scroll            |     6 |       ||     6
         Potion            |       |     1 ||     1
 Armour: Robe              |     4 |     1 ||     5
  Dodge: Dodged            |    25 |     6 ||    31
